 Dungeon Crawl Stone Soup version 0.28-a0-802-g09f76e8c00 (webtiles) character file.

Game seed: 6807228257104812461

2551 case the Stinger (level 9, -1/67 HPs)
             Began as a Demigod Venom Mage on Nov 6, 2021.
             Slain by a vampire mosquito (9 damage)
             ... on level 7 of the Dungeon.
             The game lasted 00:51:37 (12276 turns).

case the Stinger (Demigod Venom Mage)              Turns: 12276, Time: 00:51:38

Health: -1/67      AC: 10    Str: 17    XL:     9   Next: 9%
Magic:  9/19       EV: 11    Int: 21    God:
Gold:   138        SH:  0    Dex: 14    Spells: 1/17 levels left

rFire   . . .      SeeInvis .   e - staff of conjuration
rCold   + . .      Faith    .   (no shield)
rNeg    . . .      Spirit   .   x - +3 leather armour of Hupsil {rC+}
rPois   .          Reflect  .   c - +1 helmet
rElec   .          Harm     .   k - +0 cloak
rCorr   +          Rampage  .   (no gloves)
Will    .....                   y - +0 pair of boots
Stlth   ++........              (no amulet)
HPRegen 0.21/turn               o - ring of resist corrosion
MPRegen 0.16/turn               m - ring of flight

@: swift, on blink cooldown, flying, very slightly contaminated, very quick
A: high mp 1, forlorn
a: no special abilities


You were on level 7 of the Dungeon.
You visited 2 branches of the dungeon, and saw 9 of its levels.

You collected 425 gold pieces.
You spent 287 gold pieces at shops.

Inventory:

Hand Weapons
 b - a +0 short sword
Missiles
 A - a throwing net
Armour
 a - a +0 robe
 c - a +1 helmet (worn)
 k - a +0 cloak (worn)
 x - the +3 leather armour of Hupsil (worn) {rC+}
   (You bought it in a shop on level 5 of the Dungeon)

   rC:        It protects you from cold.
 y - a +0 pair of boots (worn)
Magical Staves
 e - a staff of conjuration (weapon)
Jewellery
 h - a ring of ice
 i - a ring of fire
 m - a ring of flight (right hand)
 o - a ring of resist corrosion (left hand)
 B - an amulet of guardian spirit
Wands
 p - a wand of iceblast (8)
 r - a wand of acid (8)
 w - a wand of flame (16)
Scrolls
 d - a scroll of teleportation
 g - 3 scrolls of fear
 j - a scroll of holy word
 s - a scroll of vulnerability
 u - 3 scrolls of identify
 v - a scroll of amnesia
Potions
 f - 3 potions of curing
 l - 4 potions of might
 n - 2 potions of ambrosia
 q - 3 potions of resistance
 t - a potion of haste {unknown}
 z - a potion of mutation {unknown}


   Skills:
 - Level 2.1 Fighting
 - Level 1.7 Dodging
 - Level 1.8 Stealth
 + Level 4.7 Spellcasting
 * Level 6.6 Conjurations
 + Level 0.9 Transmutations
 + Level 3.3 Air Magic
 - Level 7.2 Poison Magic


You had one spell level left.
You knew the following spells:

 Your Spells              Type           Power      Damage    Failure   Level
a - Sting                 Tmut/Pois      88%        1d7       2%          1
b - Poisonous Vapours     Pois/Air       54%        N/A       2%          2
c - Mephitic Cloud        Conj/Pois/Air  43%        N/A       3%          3
d - Shock                 Conj/Air       100%       1d9       1%          1
e - Olgreb's Toxic Radia  Pois           35%        N/A       7%          4
f - Swiftness             Air            19%        N/A       11%         3
g - Blink                 Tloc           8%         N/A       21%         2

Your spell library contained the following spells:

 Spells                   Type           Power      Damage    Failure   Level
 Airstrike                Air            9%         N/A       34%         4
 Manifold Assault         Tloc           4%         N/A       98%         5
 Storm Form               Tmut/Air       7%         N/A       100%        7


Dungeon Overview and Level Annotations

Branches:
Dungeon (8/15)             Temple (1/1) D:4
   Lair: D:8-11

Shops:
D:3 (   D:5 ?[

Annotations:
D:4 exclusion: statue
D:6 exclusion: zombie


Innate Abilities, Weirdness & Mutations

Your attributes grow dramatically as you level up.
You have an increased reservoir of magic. (+10% MP)
You shall have no god before yourself.


Message History

You feel better.
You feel stable enough to blink again.
The vampire mosquito closely misses you.
The vampire mosquito barely misses you.
You feel better.
The vampire mosquito closely misses you.
The vampire mosquito bites you but does no damage.
Your magical contamination has completely faded away.
As you read the scroll of teleportation, it crumbles to dust.
You feel strangely unstable.
The vampire mosquito bites you but does no damage.
The vampire mosquito barely misses you. The vampire mosquito barely misses you.
The vampire mosquito bites you.
* * * LOW HITPOINT WARNING * * *
The vampire mosquito draws strength from your injuries!
The vampire mosquito bites you but does no damage.
Your surroundings suddenly seem different.
A wyvern skeleton comes into view.
There is a stone staircase leading down here.
Casting: Blink (safe; 21% risk of failure)
Confirm with . or Enter, or press ? or * to list all spells.
You miscast Blink.
You are very lightly contaminated with residual magic.
Nothing appears to happen.
The vampire mosquito closely misses you.
Casting: Blink (safe; 21% risk of failure)
Confirm with . or Enter, or press ? or * to list all spells.
You blink.
The wyvern skeleton closely misses you.
Casting: Blink (safe; 21% risk of failure)
Confirm with . or Enter, or press ? or * to list all spells.
You feel quick.
The vampire mosquito closely misses you.
The wyvern skeleton barely misses you. The vampire mosquito misses you.
The wyvern skeleton bites you.
* * * LOW HITPOINT WARNING * * *
The vampire mosquito misses you. The wyvern skeleton bites you.
* * * LOW HITPOINT WARNING * * *
The vampire mosquito bites you!
You die...

####.##.#.### #.>....# #..#
#.....y..# #...#########.##
####.##...#.# #...# #.......
...#.# #.#.######...#####.##...#
...#.####.#................##...#
..........#......................
...####..........Z.........#.....
... #.#.##.###y......###.#.....
... #.#.##.# #@#...#.# #......<
### #...##.# #.#...#.# #####.##
#.####.# #.#...#.# #.# # #.####.#
#.......# #.## # #.....[#
##....)## #.#. ##
#.....#####.###.# #...
.######.###.###...# #.## ###.
........###.......###..# ##
.######.#..y....#......##########


You could see a vampire mosquito and a wyvern skeleton.

Vanquished Creatures
  An ugly thing (D:6)
  A steam dragon (D:6)
  A water moccasin (D:7)
  2 black bears
  An ice beast (D:7)
  A sky beast (D:6)
  A centaur (D:7)
  A necrophage (D:6)
  An ogre (D:4)
  A scorpion (D:6)
  A wyvern skeleton (D:7)
  5 electric eels (D:6)
  A howler monkey (D:5)
  2 bullfrog zombies
  A hound (D:6)
  A centaur skeleton (D:5)
  7 orc priests
  3 jellies
  2 iguanas
  5 orc wizards
  7 adders
  11 gnolls
  2 shadow imps
  A white imp (D:7)
  2 worms
  3 dart slugs
  8 orcs
  6 ball pythons
  3 bats
  7 endoplasms
  4 giant cockroaches
  30 goblins
  36 hobgoblins
  A quokka (D:4)
  7 kobolds
  4 rats
171 creatures vanquished.

Vanquished Creatures (others)
  A gnoll (D:6)
  2 goblins (D:6)
  2 fungi (D:5)
  A plant (D:5)
6 creatures vanquished.

Grand Total: 177 creatures vanquished

Notes
Turn   | Place    | Note
-------+----------+-------------------------------------------
     0 | D:1      | case the Demigod Venom Mage began the quest for the Orb.
     0 | D:1      | Reached XP level 1. HP: 14/14 MP: 5/5
   212 | D:1      | Reached skill level 3 in Poison Magic
   544 | D:1      | Reached XP level 2. HP: 20/20 MP: 7/7
   595 | D:1      | Learned a level 2 spell: Poisonous Vapours
  1628 | D:1      | Reached XP level 3. HP: 10/26 MP: 5/8
  2250 | D:2      | Learned a level 3 spell: Mephitic Cloud
  2623 | D:2      | Reached skill level 4 in Poison Magic
  3290 | D:3      | Reached XP level 4. HP: 33/33 MP: 3/10
  3426 | D:3      | Found Kaafaerph's Antique Weapon Shop.
  3446 | D:3      | Reached skill level 1 in Conjurations
  3517 | D:3      | Reached skill level 1 in Air Magic
  3772 | D:3      | Noticed an ice beast
  4154 | D:4      | Noticed an ogre
  4173 | D:4      | Killed an ogre
  4174 | D:4      | Reached XP level 5. HP: 38/38 MP: 0/11
  4686 | D:4      | Noticed a black bear
  4714 | D:4      | Killed a black bear
  4928 | D:4      | Reached XP level 6. HP: 45/45 MP: 3/12
  5100 | D:4      | Found a staircase to the Ecumenical Temple.
  5191 | D:4      | Reached skill level 5 in Poison Magic
  5237 | Temple   | Entered the Ecumenical Temple
  5793 | D:5      | Entered Level 5 of the Dungeon
  5793 | D:5      | Found Iwougg's Antique Armour Emporium.
  5992 | D:5      | Found Oploeluk's Magic Scroll Boutique.
  6157 | D:5      | Saw a vision of the Swamp and the Snake Pit.
  6157 | D:5      | Noticed a guardian serpent
  6157 | D:5      | Noticed a naga ritualist
  6157 | D:5      | Noticed a naga warrior
  6157 | D:5      | Noticed a shock serpent
  6157 | D:5      | Noticed a black mamba
  6157 | D:5      | Noticed a naga mage
  6157 | D:5      | Noticed a goliath frog
  6157 | D:5      | Noticed an alligator
  6159 | D:5      | Noticed a black mamba
  6159 | D:5      | Noticed a naga sharpshooter
  6161 | D:5      | Noticed a naga mage
  6555 | D:5      | Reached XP level 7. HP: 35/50 MP: 1/13
  6567 | D:5      | Reached skill level 6 in Poison Magic
  6729 | D:5      | Bought a masterwork leather armour for 175 gold pieces
  6729 | D:5      | Identified the +3 leather armour of Hupsil {rC+} (You
                  | bought it in a shop on level 5 of the Dungeon)
  7639 | D:6      | Noticed a white ugly thing
  7656 | D:7      | Reached skill level 7 in Poison Magic
  8008 | D:6      | Learned a level 1 spell: Shock
  8210 | D:6      | Reached skill level 5 in Conjurations
  8223 | D:6      | Reached XP level 8. HP: 57/57 MP: 1/14
  8421 | D:6      | Killed a white ugly thing
  8872 | D:6      | Reached skill level 1 in Fighting
 10717 | D:5      | Bought a scroll of enchant armour for 112 gold pieces
 11271 | D:7      | Reached XP level 9. HP: 52/67 MP: 12/18
 11784 | D:6      | Learned a level 4 spell: Olgreb's Toxic Radiance
 11816 | D:7      | Learned a level 3 spell: Swiftness
 12133 | D:7      | Learned a level 2 spell: Blink
 12254 | D:7      | HP: 3/67 [vampire mosquito (9)]
 12276 | D:7      | Slain by a vampire mosquito

Illustrated notes

Levels and vault maps discovered:
D:1:      shiori_arrival_maze, layout_basic, basic_ecumenical_altar,
          minmay_statues_item, minmay_domino_2
D:2:      layout_basic
D:3:      layout_basic, serial_shops, shop
D:4:      layout_gridville, nicolae_wu_jian_wuxing_cycle, vehumet_statue,
          minmay_temple_entry_crystal_x
D:5:      layout_cave_pods, grunt_ashenzari_visionary
          [grunt_ashenzari_visionary_swamp, grunt_ashenzari_visionary_snake],
          mainiacjoe_overflow_swirl, serial_shops, nicolae_stop_n_shop_2,
          nicolae_stop_n_shop_2
D:6:      minmay_goblin_kobold_castle, layout_basic, kennysheep_generic_room_8
D:7:      layout_loops_cross
D:8:      wander_kiku_kobolds, layout_loops_corners,
          mainiacjoe_overflow_alcove_4, minmay_guarded_unrand_finisher,
          uniq_maurice
Temple:   eino_wide_crystal_templ

Skill      XL: |  1  2  3  4  5  6  7  8 |
---------------+-------------------------+-----
Poison Magic   | 3 4 5 7 |  7.2
Spellcasting   | 2 4 |  4.7
Conjurations   | 2 3 4 5 6 |  6.6
Air Magic      | 1 3 |  3.3
Fighting       | 2 |  2.1
Dodging        | |  1.7
Stealth        | |  1.8
Transmutations | |  0.9

Action                   |  1- 3 |  4- 6 |  7- 9 || total
-------------------------+-------+-------+-------++-------
Melee: Short sword       |    42 |     9 |    33 ||    84
       Unarmed           |     4 |       |       ||     4
       Staff             |     8 |    19 |    58 ||    85
 Cast: Sting             |    49 |    46 |    85 ||   180
       Poisonous Vapours |     9 |    41 |    55 ||   105
       Mephitic Cloud    |       |     2 |    17 ||    19
       Shock             |       |       |    72 ||    72
       Blink             |       |       |     3 ||     3
       Swiftness         |       |       |     3 ||     3
       Olgreb's Toxic Ra |       |       |     1 ||     1
Evoke: Wand              |       |       |     3 ||     3
  Use: Potion            |     1 |       |     5 ||     6
       Scroll            |       |     3 |    11 ||    14
 Stab: Sleeping          |     5 |     1 |       ||     6
Armor: Robe              |    20 |    29 |       ||    49
       Leather armour    |       |       |   117 ||   117
Dodge: Dodged            |    29 |    44 |   157 ||   230

Table legend: (Time is in decaauts)
 A = Elapsed time spent in this place.
 B = Non-inter-level travel time spent in this place.
 C = Inter-level travel time spent in this place.
 D = Time resting spent in this place.
 E = Time spent auto-exploring this place.
 F = Levels seen in this place.
 G = Mean time per level.
                   A        B        C        D        E       F      G
               +--------+--------+--------+--------+--------+-----+--------+
         Total |  12296 |  12008 |    288 |   3008 |   6215 |   9 | 1366.2 |
       Dungeon |  12118 |  11830 |    288 |   2840 |   6215 |   8 | 1514.8 |
        Temple |    178 |    178 |      0 |    168 |      0 |   1 |  178.0 |
               +--------+--------+--------+--------+--------+-----+--------+

Top non-repeatable levels by time:
     D:6: 3911 daAuts
     D:1: 1850 daAuts
     D:4: 1658 daAuts
     D:2: 1280 daAuts
     D:5: 1271 daAuts
     D:7: 1121 daAuts
     D:3: 1019 daAuts
  Temple: 178 daAuts
     D:8: 3 daAuts
